 Dungeon Crawl Stone Soup version 0.30.1-1-g62c8e00024 (webtiles) character file.

Game seed: 14729472483118842677

152 GeoRichter the Poker (level 5, -6/41 HPs)
             Began as a Demonspawn Warper on July 16, 2023.
             Was a Believer of Kikubaaqudgha.
             Mangled by a gnoll
             ... wielding a +0 spear
              (9 damage)
             ... on level 3 of the Dungeon.
             The game lasted 00:05:28 (2374 turns).

GeoRichter the Poker (Demonspawn Warper)            Turns: 2374, Time: 00:05:29

Health: -6/41      AC:  4    Str: 13    XL:     5   Next: 11%
Magic:  8/8        EV: 11    Int: 15    God:    Kikubaaqudgha [**....]
Gold:   166        SH:  0    Dex: 12    Spells: 8/8 levels left

rFire   . . .        a - +0 spear
rCold   . . .        (no shield)
rNeg    . . .        b - +0 leather armour
rPois   .            (helmet unavailable)
rElec   .            (no cloak)
rCorr   .            (no gloves)
SInv    .            i - +0 pair of boots
Will    .....        (no amulet)
Stlth   +            (no ring)
HPRegen 0.26/turn    (no ring)
MPRegen 0.11/turn

%: no passive effects
@: no status effects
A: horns 3
a: Renounce Religion, Unearth Wretches


You were on level 3 of the Dungeon.
You worshipped Kikubaaqudgha.
Kikubaaqudgha was pleased with you.
You visited 1 branch of the dungeon, and saw 3 of its levels.
You also visited: Sewer.

You collected 166 gold pieces.

Inventory:

Hand Weapons
 a - a +0 spear (weapon)
 l - a +0 trident
   (You took it off Terence on level 2 of the Dungeon)
Missiles
 d - 7 boomerangs of dispersal (quivered) {!f}
 f - a boomerang
Armour
 b - a +0 leather armour (worn)
 i - a +0 pair of boots (worn)
   (You found it on level 1 of the Dungeon)
 o - a +0 cloak
   (You found it on level 3 of the Dungeon)
Magical Staves
 m - a staff of poison
   (You took it off a kobold on level 3 of the Dungeon)
Scrolls
 e - a scroll of fear
 g - a scroll of noise {!r}
 j - 2 scrolls of teleportation {@r4}
 n - a scroll of enchant armour {unknown}
Potions
 c - a potion of cancellation {unknown}
 h - a potion of flight
 k - 3 potions of attraction {!q}


   Skills:
 - Level 3.1 Fighting
 * Level 4.3 Polearms
 - Level 0.8 Throwing
 - Level 0.8 Armour
 - Level 1.7 Dodging
 - Level 2.0 Spellcasting
 - Level 2.6 Translocations


You had 8 spell levels left.
You didn't know any spells.
Your spell library contained the following spells:

 Spells                   Type           Power      Damage    Failure   Level
 Apportation              Tloc           18%        N/A       10%         1
 Blink                    Tloc           18%        N/A       14%         2
 Lesser Beckoning         Tloc           18%        N/A       14%         2
 Momentum Strike          Conj/Tloc      10%        3d8       24%         2
 Kiss of Death            Conj/Necr      4%         2d5       28%         1
 Necrotise                Necr           4%         1d4       28%         1
 Teleport Other           Tloc           9%         N/A       28%         3
 Cigotuvi's Dreadful Rot  Necr/Pois/Air  2%         N/A       38%         2
 Vhi's Electric Charge    Tloc/Air       10%        N/A       43%         3
 Inner Flame              Hex/Fire       1%         N/A       63%         3
 Manifold Assault         Tloc           9%         N/A       67%         4
 Animate Dead             Necr           1%         N/A       95%         4
 Alistair's Intoxication  Tmut/Pois      0%         N/A       100%        5
 Yara's Violent Unravell  Hex/Tmut       0%         3d3       100%        5
 Enfeeble                 Hex            0%         N/A       100%        7


Dungeon Overview and Level Annotations

Branches:
Dungeon (3/15) Zot: 15772   Sewer (visited)

Altars:
Kikubaaqudgha


Innate Abilities, Weirdness & Mutations

You have a pair of large horns on your head.


Message History

You hit the gnoll but do no damage.
You headbutt the gnoll, but do no damage.
The gnoll is moderately wounded.
The gnoll hits you with a +0 spear.
* * * LOW HITPOINT WARNING * * *
You hit the gnoll but do no damage. You headbutt the gnoll.
The gnoll is heavily wounded.
The gnoll closely misses you.
You completely miss the gnoll.
The gnoll is heavily wounded.
The gnoll closely misses you.
Unknown command.
a - a +0 spear (weapon)
The gnoll hits you with a +0 spear.
* * * LOW HITPOINT WARNING * * *
You hit the gnoll but do no damage.
The gnoll is heavily wounded.
You barely miss the gnoll.
The gnoll is heavily wounded.
The gnoll hits you with a +0 spear!
* * * LOW HITPOINT WARNING * * *
Okay, then.
You hit the gnoll but do no damage.
The gnoll is heavily wounded.
The gnoll closely misses you.
You hit the gnoll but do no damage.
You headbutt the gnoll, but do no damage.
The gnoll is heavily wounded.
The gnoll barely misses you.
You barely miss the gnoll.
You headbutt the gnoll, but do no damage.
The gnoll is heavily wounded.
The gnoll completely misses you.
You hit the gnoll but do no damage.
You headbutt the gnoll, but do no damage.
The gnoll is heavily wounded.
The gnoll hits you but does no damage.
You hit the gnoll but do no damage.
The gnoll is heavily wounded.
The gnoll hits you with a +0 spear.
* * * LOW HITPOINT WARNING * * *
You hit the gnoll but do no damage.
You headbutt the gnoll, but do no damage.
The gnoll is heavily wounded.
The gnoll barely misses you.
You hit the gnoll but do no damage.
The gnoll is heavily wounded.
The gnoll hits you with a +0 spear!
You die...
Kikubaaqudgha rasps: "You have failed me!
Welcome... death!"

**** ###############** *,,,
#....†.†.......,****,**
****#.###.#....g...,,,,,,,,
*,,,,,,*##.########,****,*,
*,***,** #.# *,****,#. *,*
*** #g# *,**,,,.. *,* #g#
*,**,,,.. *,* #@# *,,,,,...
*,* #.# *,**,,... *,* #.#
*,**,,.$. *,* #.# *,****###
*,*** ##.# **,* *,,,* #..#
*,,* ##### ***,* #.## *,,*
#.~~~ *,* #.#######*,,*
#~~~~ *,* #........,,,*
#~~~~


You could see 2 gnolls.

Vanquished Creatures
  Jessica (D:2)
  Terence (D:2)
  2 adders
  A gnoll (D:3)
  2 worms
  A dart slug (D:2)
  5 orcs (D:3)
  2 ball pythons
  5 endoplasms
  A giant cockroach (D:1)
  7 hobgoblins
  A jackal (Sewer)
  3 kobolds
  4 quokkas
  4 bats
  5 frilled lizards
  6 goblins
  11 rats
62 creatures vanquished.

Notes
Turn   | Place    | Note
-------+----------+-------------------------------------------
     0 | D:1      | GeoRichter the Demonspawn Warper began the quest for the
                  | Orb.
     0 | D:1      | Reached XP level 1. HP: 16/16 MP: 3/3
    79 | D:1      | Reached skill level 2 in Polearms
   198 | D:1      | Gained mutation: You have a pair of small horns on your
                  | head. [demonic ancestry]
   198 | D:1      | Reached XP level 2. HP: 22/22 MP: 5/5
   984 | D:2      | Gained mutation: You have a pair of horns on your head.
                  | [demonic ancestry]
   984 | D:2      | Reached XP level 3. HP: 28/28 MP: 6/6
  1004 | D:2      | Noticed Jessica
  1015 | D:2      | Killed Jessica
  1016 | D:2      | Reached skill level 3 in Polearms
  1248 | D:2      | Reached XP level 4. HP: 34/34 MP: 7/7
  1362 | D:2      | Found a faded altar of an unknown god.
  1380 | D:2      | Prayed at the altar of an unknown god.
  1380 | D:2      | Became a worshipper of Kikubaaqudgha
  1380 | D:2      | Reached * piety under Kikubaaqudgha
  1380 | D:2      | Received a gift from Kikubaaqudgha
  1444 | D:2      | Noticed Terence
  1447 | D:2      | Killed Terence
  1810 | D:2      | Reached skill level 4 in Polearms
  1866 | D:3      | Found a glowing drain.
  1890 | Sewer    | Entered a sewer
  1964 | Sewer    | Noticed a kobold brigand
  1983 | Sewer    | Gained mutation: You have a pair of large horns on your
                  | head. [demonic ancestry]
  1983 | Sewer    | Reached XP level 5. HP: 32/41 MP: 8/8
  1986 | Sewer    | Reached ** piety under Kikubaaqudgha
  2044 | Sewer    | HP: 2/41 [poisoned by a kobold brigand (curare-tipped
                  | dart)]
  2374 | D:3      | Mangled by a gnoll

Illustrated notes

Levels and vault maps discovered:
D:1:      ebering_hopf_link, layout_basic, serial_bayou_crossing
D:2:      layout_loops_ring, ebering_ecumenical_altar_box,
          chequers_serial_rivers_small_a, kennysheep_generic_room_15,
          uniq_terence, uniq_jessica
D:3:      layout_loops_ring, gammafunk_temple_overflow_elements,
          portal_sewer_entry_b, serial_shops, shop, grunt_decor_junction

Skill      XL: |  1  2  3  4 |
---------------+-------------+-----
Polearms       | 2 3 4 |  4.3
Fighting       | 3 |  3.1
Throwing       | |  0.8
Armour         | |  0.8
Dodging        | |  1.7
Spellcasting   | |  2.0
Translocations | |  2.6

Action                     |  1- 3 |  4- 6 || total
---------------------------+-------+-------++-------
  Melee: Spear             |    93 |    50 ||   143
         Headbutt          |     6 |    16 ||    22
         Trident           |       |    72 ||    72
  Throw: Boomerang         |       |     1 ||     1
    Use: Scroll            |     7 |     4 ||    11
   Stab: Sleeping          |     5 |       ||     5
 Armour: Leather armour    |    14 |    21 ||    35
  Dodge: Dodged            |    28 |    55 ||    83
